 Dungeon Crawl Stone Soup version 0.26-a0-284-g73c0fb6129 (webtiles) character file.

Game seed: 333385739901568700

12156 MrRokkomies the Carver (level 11, -1/90 HPs)
             Began as a Barachi Fighter on July 13, 2020.
             Was a High Priest of Cheibriados.
             Killed from afar by an oklob plant (7 damage)
             ... with a splash of acid
             ... on level 1 of the Lair of Beasts.
             The game lasted 00:39:11 (12020 turns).

MrRokkomies the Carver (Barachi Fighter)           Turns: 12020, Time: 00:39:11

Health: -1/90      AC: 18    Str: 36    XL:     11   Next: 89%
Magic:  17/17      EV: 13    Int: 26    God:    Cheibriados [*****.]
Gold:   185        SH:  0    Dex: 25    Spells: 10/10 levels left

rFire    + . .     SeeInvis .   b - +8 storm bow {elec, penet}
rCold    + . .     Faith    .   (shield currently unavailable)
rNeg     . . .     Spirit   .   d - +5 plate armour of Music {rF+ Str+4 Stlth+}
rPois    +         Reflect  .   (no helmet)
rElec    .         Harm     .   A - scarf {repulsion}
rCorr    .                      n - +0 pair of gloves
MR       .....                  l - +1 pair of boots
Stlth    ..........             (no amulet)
HPRegen  0.25/turn              J - ring of protection from cold
MPRegen  0.15/turn              K - ring of poison resistance

@: corroded, repel missiles, very slow
A: +LOS, swims, slowness 1, strong legs 1
a: Hop, Bend Time, Temporal Distortion, Slouch, Step From Time, Renounce
Religion


You were on level 1 of the Lair of Beasts.
You worshipped Cheibriados.
Cheibriados was extremely pleased with you.
You visited 3 branches of the dungeon, and saw 12 of its levels.
You also visited: Sewer and Ice Cave.

You collected 666 gold pieces.
You spent 481 gold pieces at shops.

Inventory:

Hand Weapons
 a - a +3 great sword
 b - the +8 storm bow (weapon) {elec, penet}
   (You found it on level 10 of the Dungeon)

   It charges the ammunition it shoots with electricity; occasionally upon a
   hit, such missiles may discharge and cause terrible harm.
   Ammo fired by it will pass through the targets it hits, potentially hitting
   all targets in its path until it reaches maximum range.
 m - a +2 dagger of venom
Missiles
 t - 208 arrows (quivered)
 C - 44 poisoned darts
Armour
 d - the +5 plate armour of Music (worn) {rF+ Str+4 Stlth+}
   (You found it in an ice cave)

   It affects your strength (+4).
   It protects you from fire.
   It makes you more stealthy.
 l - a +1 pair of boots (worn)
 n - a +0 pair of gloves (worn)
 A - a scarf of repulsion (worn)
 M - the +5 scale mail "Tanaw" {rElec Dex-2 SInv}
   (You took it off an orc on level 7 of the Dungeon)

   It affects your dexterity (-2).
   It insulates you from electricity.
   It lets you see invisible.
Jewellery
 j - an uncursed ring of protection from fire
 o - an uncursed ring of magical power
 u - an uncursed ring of magical power
 y - an uncursed ring of flight
 D - a +6 ring of dexterity
 J - a ring of protection from cold (left hand)
 K - a ring of poison resistance (right hand)
Wands
 g - a wand of flame (19)
 r - a wand of iceblast (7)
Scrolls
 i - 7 scrolls of identify
 k - 4 scrolls of enchant weapon
 s - 2 scrolls of blinking
 w - a scroll of amnesia
 x - 5 scrolls of remove curse
 B - 4 scrolls of teleportation
 E - 4 scrolls of fog
 H - a scroll of enchant armour
Potions
 c - 3 potions of magic
 e - 8 potions of curing
 f - 3 potions of heal wounds
 h - 6 potions of lignification
 p - a potion of resistance
 q - 2 potions of mutation
 v - a potion of flight
 z - a potion of stabbing
 G - a potion of brilliance
 I - a potion of invisibility


   Skills:
 - Level 10.0 Fighting
 * Level 12.9 Long Blades
 + Level 3.2 Bows
   Level 1.5 Crossbows
 + Level 7.4 Armour
 - Level 6.0 Dodging
   Level 3.2 Shields
 * Level 8.8 Invocations


You had 10 spell levels left.
You didn't know any spells.
Your spell library contained the following spells:

 Spells                   Type           Power        Failure   Level
 Beastly Appendage        Tmut           #.....       58%         1
 Magic Dart               Conj           #...         58%         1
 Blink                    Tloc           N/A          75%         2
 Call Imp                 Summ           #.......     75%         2
 Searing Ray              Conj           #.....       75%         2
 Slow                     Hex            #.......     75%         2
 Sticks to Snakes         Tmut           #.......     75%         2
 Conjure Flame            Conj/Fire      #.......     92%         3
 Dazzling Flash           Conj/Hex       #.....       92%         3
 Mephitic Cloud           Conj/Pois/Air  #.......     92%         3
 Spider Form              Tmut/Pois      #.........   92%         3
 Fulminant Prism          Conj/Hex       #.........   100%        4
 Ice Form                 Ice/Tmut       #.......     100%        4
 Iskenderun's Mystic Bla  Conj/Tloc      #.......     100%        4
 Blade Hands              Tmut           #.........   100%        5


Dungeon Overview and Level Annotations

Branches:
Dungeon (10/15)            Temple (1/1) D:4            Lair (1/6) D:9
  Sewer (visited)           IceCv (visited)
    Orc: D:9-12

Altars:
Ashenzari
Cheibriados
Elyvilon
Fedhas
Makhleb
Okawaru
Qazlal
Ru
Sif Muna
Trog
Uskayaw
Vehumet
Wu Jian
Zin

Shops:
D:4 *[   D:5 =   D:7 :[(

Annotations:
D:9 4 runed translucent doors, exclusion: obsidian statue
Lair:1 exclusion: 2 oklob plants


Innate Abilities, Weirdness & Mutations

You can be seen from farther away. (+LOS)
You can swim through water.
You cover ground slowly.
You can hop short distances.


Message History

The splash of acid hits you.
You are splashed with acid!
You are too injured to fight recklessly!
Firing (i - inventory. (/) - cycle)
t - 209 arrows (quivered)
Press: ? - help, Shift-Dir - straight line, f/p - oklob plant
Aim: an oklob plant (severely damaged)
You shoot an arrow.
The arrow pierces through the oklob plant.
Lightning courses through the oklob plant!
The oklob plant is almost destroyed.
The oklob plant spits acid at you. The splash of acid hits you!
The acid corrodes you!
You are splashed with acid!
* * * LOW HITPOINT WARNING * * *
The oklob plant spits acid at you. The splash of acid hits you.
* * * LOW HITPOINT WARNING * * *
You are splashed with acid!
* * * LOW HITPOINT WARNING * * *
The oklob plant spits acid at you. The splash of acid hits you!
You die...

*,......,,,.....,,*,,,
*,,,....,,,.....,,*,,,
##,###.####.#.....#,,,
#..#........#.....#,,°
*#.#..............####
#..........#>........
*#####..........#.....#.##
*.(!............+...#....#
*[.!.....@..÷...#........#
*P)$(...........#...#....#
*P.(........)...÷...#....#
*#####.#........#...#.†###
##.##.#.#.P#...÷......
#................#+#.#
##..............#.....
#..............#.....
*#...##P+##.##..#.###.


You could see 2 oklob plants.

Vanquished Creatures
  A fire dragon (D:9)
  An oklob plant (Lair:1)
  2 ugly things (IceCv)
  A black mamba (Lair:1)
  2 ice statues (IceCv)
  Maggie (D:6)
  2 cane toads (Lair:1)
  2 rime drakes (Lair:1)
  A komodo dragon (Lair:1)
  Grinder (D:4)
  2 hippogriffs
  2 wyverns
  6 yaks (Lair:1)
  Menkaure (D:7)
  A water moccasin (Lair:1)
  A porcupine (Lair:1)
  Duvessa (D:7)
  4 orc warriors
  2 black bears
  9 ice beasts
  3 sky beasts
  A phantom (D:8)
  3 centaurs
  An ogre (D:7)
  2 crocodiles (Lair:1)
  A big kobold (D:8)
  7 bullfrogs
  A wyvern zombie (D:6)
  A gnoll sergeant (D:6)
  Dowan (D:7)
  A scorpion (D:4)
  6 killer bees (D:9)
  14 wights
  3 howler monkeys
  A bullfrog zombie (D:7)
  12 hounds
  3 centaur zombies
  A quasit (D:6)
  A jelly (D:7)
  4 orc priests
  Crazy Yiuf (D:7)
  A centaur skeleton (D:8)
  2 iguanas
  5 orc wizards
  10 worker ants
  A worker ant zombie (D:7)
  5 gnolls (D:6)
  A howler monkey skeleton (D:4)
  19 adders
  3 river rats (Sewer)
  3 white imps
  3 ufetubi
  An ooze (D:1)
  2 worms
  2 dart slugs
  6 leopard geckos
  34 orcs
  13 ball pythons
  7 bats
  9 giant cockroaches
  4 goblins
  8 hobgoblins
  22 jackals
  15 kobolds
  A quokka (D:6)
  10 frilled lizards
  A quokka skeleton (D:4)
  34 rats
333 creatures vanquished.

Vanquished Creatures (others)
  An adder (D:2)
  An ooze (D:2)
  A bat (D:2)
  A frilled lizard (D:2)
  6 plants (Lair:1)
10 creatures vanquished.

Grand Total: 343 creatures vanquished

Notes
Turn   | Place    | Note
-------+----------+-------------------------------------------
     0 | D:1      | MrRokkomies the Barachi Fighter began the quest for the
                  | Orb.
     0 | D:1      | Reached XP level 1. HP: 18/18 MP: 1/1
   185 | D:1      | Reached XP level 2. HP: 21/25 MP: 2/2
   307 | D:1      | Reached skill level 3 in Long Blades
   550 | D:1      | Reached skill level 1 in Dodging
   563 | D:1      | Reached XP level 3. HP: 10/30 MP: 3/3
  1696 | D:2      | Reached XP level 4. HP: 32/38 MP: 4/4
  2153 | D:2      | Found a radiant altar of Vehumet.
  2444 | D:3      | Reached skill level 5 in Fighting
  2444 | D:3      | Reached skill level 4 in Long Blades
  2463 | D:3      | Reached XP level 5. HP: 26/44 MP: 5/5
  2802 | D:3      | Found a bloodstained altar of Trog.
  3073 | D:3      | Found a glowing silver altar of Zin.
  3544 | D:4      | Found Cipsaxa's Armour Shoppe.
  3606 | D:4      | Reached skill level 5 in Long Blades
  3606 | D:4      | Reached XP level 6. HP: 23/52 MP: 6/6
  3629 | D:4      | Found a glowing drain.
  3683 | Sewer    | Entered a sewer
  4215 | Sewer    | Reached XP level 7. HP: 51/59 MP: 7/7
  4326 | Sewer    | Reached skill level 6 in Long Blades
  4640 | D:4      | Found a staircase to the Ecumenical Temple.
  4640 | D:4      | Noticed Grinder
  4657 | D:4      | Killed Grinder
  4708 | Temple   | Entered the Ecumenical Temple
  4719 | Temple   | Became a worshipper of Cheibriados the Contemplative
  4810 | D:4      | Found Qeddirchi's Assorted Antiques.
  4874 | D:4      | Reached XP level 8. HP: 67/67 MP: 8/8
  5040 | D:4      | Found Mics's General Store.
  5132 | D:5      | Entered Level 5 of the Dungeon
  5132 | D:5      | Found a burning altar of Makhleb.
  5157 | D:5      | Found Kextu's Jewellery Emporium.
  5196 | D:5      | Reached skill level 7 in Long Blades
  5196 | D:5      | Reached skill level 1 in Invocations
  5308 | D:5      | Reached * piety under Cheibriados
  5657 | D:5      | Found a stormy altar of Qazlal.
  5888 | D:6      | HP: 3/68 [gnoll/+0 flail (4)]
  5888 | D:6      | HP: 1/68 [gnoll sergeant/+0 trident (2)]
  5891 | D:6      | Reached skill level 8 in Long Blades
  5901 | D:6      | Reached ** piety under Cheibriados
  6237 | D:6      | Noticed Maggie
  6256 | D:6      | Killed Maggie
  6256 | D:6      | Reached skill level 5 in Dodging
  6256 | D:6      | Reached XP level 9. HP: 34/74 MP: 11/11
  7255 | D:7      | Found Buseago's Book Shop.
  7338 | D:7      | Found Ilushropi's Antique Armour Emporium.
  7342 | D:7      | Found Roecsav's Antique Weapon Boutique.
  7347 | D:7      | Reached skill level 9 in Long Blades
  7352 | D:7      | Bought a glimmering scale mail for 261 gold pieces
  7362 | D:7      | Identified the cursed +1 scale mail of the Orange Skies
                  | {Str+3 Dex+2} (You bought it in a shop on level 7 of the
                  | Dungeon)
  7451 | D:7      | Identified the +5 scale mail "Tanaw" {rElec Dex-2 SInv}
  7468 | D:7      | Reached *** piety under Cheibriados
  7633 | D:7      | Noticed Menkaure
  7635 | D:7      | Killed Menkaure
  7635 | D:7      | Reached skill level 5 in Invocations
  7772 | D:7      | Found a runed translucent door.
  7773 | D:7      | Noticed Crazy Yiuf
  8058 | D:7      | Reached skill level 10 in Long Blades
  8079 | D:7      | Reached **** piety under Cheibriados
  8428 | D:7      | Killed Crazy Yiuf
  8428 | D:7      | Reached XP level 10. HP: 83/83 MP: 14/14
  8484 | D:7      | Noticed Duvessa
  8492 | D:7      | Killed Duvessa
  8535 | D:7      | Noticed Dowan
  8546 | D:7      | Killed Dowan
  9121 | D:8      | Reached skill level 5 in Armour
  9162 | D:8      | Found a hide-covered altar of Uskayaw.
  9427 | D:9      | Noticed a fire dragon
  9441 | D:9      | Killed a fire dragon
  9441 | D:9      | Reached skill level 11 in Long Blades
  9519 | D:9      | Found a staircase to the Lair.
  9602 | D:9      | Reached ***** piety under Cheibriados
  9653 | D:9      | Found a runed translucent door.
  9658 | D:9      | Noticed an obsidian statue
  9667 | D:9      | Found a runed translucent door.
  9708 | D:9      | Found a runed translucent door.
  9719 | D:9      | Found a runed translucent door.
  9750 | D:9      | Reached skill level 10 in Fighting
  9986 | D:9      | Reached skill level 1 in Crossbows
  9986 | D:9      | Reached XP level 11. HP: 84/90 MP: 16/16
 10418 | D:10     | Entered Level 10 of the Dungeon
 10443 | D:10     | Found the +8 storm bow {elec, penet}
 10707 | D:5      | Bought an uncursed ring of poison resistance for 220 gold
                  | pieces
 10808 | Lair:1   | Entered Level 1 of the Lair of Beasts
 10821 | Lair:1   | Found a frozen archway.
 10844 | IceCv    | Entered an ice cave
 10844 | IceCv    | Found a transporter.
 10844 | IceCv    | Noticed a white ugly thing
 10849 | IceCv    | Reached skill level 1 in Bows
 10850 | IceCv    | Killed a white ugly thing
 10850 | IceCv    | Reached skill level 12 in Long Blades
 10988 | IceCv    | Noticed a white ugly thing
 10988 | IceCv    | Found a transporter.
 10994 | IceCv    | Killed a white ugly thing
 11251 | IceCv    | Got a shimmering plate armour
 11262 | IceCv    | Identified the +5 plate armour of Music {rF+ Str+4 Stlth+}
                  | (You found it in an ice cave)
 11785 | Lair:1   | Noticed an oklob plant
 11787 | Lair:1   | Killed an oklob plant
 11820 | Lair:1   | Noticed an oklob plant
 11820 | Lair:1   | Noticed an oklob plant
 12020 | Lair:1   | Killed from afar by an oklob plant

Illustrated notes

Levels and vault maps discovered:
D:1:      erik_arrival_triangle_small, layout_basic, minmay_domino_4
D:2:      layout_rooms, fiery_altar_vehumet, serial_rivers,
          chequers_serial_rivers_micro_b, chequers_serial_rivers_micro_b,
          chequers_serial_rivers_small_b, chequers_serial_rivers_small_b,
          chequers_serial_rivers_room_a
D:3:      minmay_razor_zed, layout_basic, lemuel_doored_altar, zin_statuary
D:4:      layout_rooms, temple_green, serial_shops, shop, kennysheep_mini,
          nicolae_shop_waterfront, gup_sewer_entry_glass, uniq_grinder
D:5:      layout_rooms, grunt_qazlal_sundering, lemuel_crystal_altar,
          serial_shops, shop, chequers_serial_rivers_room_a
D:6:      layout_cave_pods, uniq_maggie
D:7:      layout_basic, serial_shops, nicolae_shop_crystal,
          nicolae_shop_crystal, nicolae_shop_temple_entry_statues_fountains,
          uniq_duvessa, uniq_crazy_yiuf_cottage, uniq_menkaure
D:8:      layout_loops_cross, eat_drink_and_be_merry_uskayaw
D:9:      layout_roguey, minmay_lair_entry_lava, minmay_statue_crystal_thing
D:10:     layout_gridville
Temple:   compressed_dpeg_circular_temple
Lair:1:   gammafunk_cloud_chamber, layout_chaotic_city, portal_ice_cave_rime,
          serial_bayou_pond_a, minmay_lair_oklob_chamber, grunt_megastairs_3,
          serial_bayou_shore_a

Skill      XL: |  1  2  3  4  5  6  7  8  9 10 11 |
---------------+----------------------------------+-----
Fighting       | 4 5 6 7 8 9 10 | 10.0
Long Blades    | 3 4 5 6 8 10 11 12 | 12.9
Dodging        | 1 2 3 4 5 6 |  6.0
Invocations    | 3 5 7 8 |  8.8
Armour         | 4 5 7 |  7.4
Crossbows      | 1 |  1.5
Bows           | 3 |  3.2
Shields        | |  3.2

Action                   |  1- 3 |  4- 6 |  7- 9 | 10-12 || total
-------------------------+-------+-------+-------+-------++-------
Melee: Long sword        |    72 |       |       |       ||    72
       Dagger            |    43 |   277 |   362 |       ||   682
       Great sword       |       |       |    37 |   183 ||   220
       Scimitar          |       |       |    28 |       ||    28
 Fire: Arbalest          |       |       |     2 |     6 ||     8
       Longbow           |       |       |       |    32 ||    32
Throw: Boomerang         |       |       |     8 |       ||     8
       Throwing net      |       |       |     1 |       ||     1
       Dart              |       |       |       |     4 ||     4
 Abil: Hop               |       |       |     1 |       ||     1
Evoke: Wand              |       |       |     8 |       ||     8
  Use: Scroll            |     6 |     1 |     1 |    15 ||    23
       Potion            |       |     2 |     3 |     5 ||    10
 Stab: Held in net/web   |       |       |     3 |       ||     3
       Distracted        |       |       |       |     1 ||     1
Armor: Scale mail        |    63 |   140 |   207 |   123 ||   533
       Plate armour      |       |       |       |    11 ||    11
Dodge: Dodged            |    49 |    84 |   214 |   273 ||   620
       Repelled          |       |       |     4 |     9 ||    13
Block: Kite shield       |    76 |   142 |   245 |       ||   463
       Rpst.: Long sword |    12 |       |       |       ||    12
       Great sword       |       |       |    10 |    78 ||    88
       Scimitar          |       |       |     5 |       ||     5

Table legend:
 A = Non-vault XP
 B = Vault XP
 C = Vault XP percentage of total XP
 D = Non-vault monster count
 E = Vault monster count
 F = Vault count percentage of total count
                 A         B        C        D         E       F
            +---------+---------+-------+---------+---------+-------
      Total |   10101 |    7266 |  41.8 |     250 |      83 |  24.9
            +---------+---------+-------+---------+---------+-------
        D:1 |      55 |       4 |   6.8 |      23 |       3 |  11.5
        D:2 |      62 |       0 |   0.0 |      27 |       0 |   0.0
        D:3 |     105 |      10 |   8.7 |      23 |       6 |  20.7
        D:4 |     342 |     294 |  46.2 |      21 |       4 |  16.0
        D:5 |     522 |       0 |   0.0 |      20 |       0 |   0.0
        D:6 |     669 |     424 |  38.8 |      24 |       1 |   4.0
        D:7 |    1650 |     432 |  20.7 |      38 |       4 |   9.5
        D:8 |    1808 |       0 |   0.0 |      28 |       0 |   0.0
        D:9 |    1664 |    1055 |  38.8 |      27 |       1 |   3.6
       D:10 |     288 |       0 |   0.0 |       7 |       0 |   0.0
     Lair:1 |    2936 |    2008 |  40.6 |      12 |       6 |  33.3
      Sewer |       0 |     337 | 100.0 |       0 |      48 | 100.0
      IceCv |       0 |    2702 | 100.0 |       0 |      10 | 100.0
            +---------+---------+-------+---------+---------+-------
